 Dungeon Crawl Stone Soup version 0.28.0 (webtiles) character file.

Game seed: 9369970950484238378

169 Renzlar the Shield-Bearer (level 5, -9/47 HPs)
             Began as a Gnoll Fighter on Feb 18, 2022.
             Mangled by an ogre (13 damage)
             ... on level 4 of the Dungeon.
             The game lasted 00:08:28 (3206 turns).

Renzlar the Shield-Bearer (Gnoll Fighter)           Turns: 3206, Time: 00:08:29

Health: -9/47      AC: 18    Str: 17    XL:     5   Next: 50%
Magic:  7/7        EV:  2    Int:  8    God:
Gold:   82         SH:  5    Dex: 11    Spells: 7/7 levels left

rFire   . . .      SeeInvis .   b - +2 hand axe (freeze)
rCold   . . .      Faith    .   c - +0 buckler
rNeg    + . .      Spirit   .   g - +0 crystal plate armour
rPois   .          Reflect  .   (no helmet)
rElec   .          Harm     .   (no cloak)
rCorr   .          Rampage  .   (no gloves)
Will    .....                   (no boots)
Stlth   ..........              (no amulet)
HPRegen 0.15/turn               f - ring of positive energy
MPRegen 0.10/turn               (no ring)

@: no status effects
A: fangs 1, strong nose, distributed training
a: no special abilities


You were on level 4 of the Dungeon.
You visited 1 branch of the dungeon, and saw 4 of its levels.

You collected 82 gold pieces.

Inventory:

Hand Weapons
 a - a +0 war axe
 b - a +2 hand axe of freezing (weapon)
 l - a +2 dagger of freezing
Missiles
 i - 35 sling bullets
 j - 27 stones (quivered)
Armour
 c - a +0 buckler (worn)
 g - a +0 crystal plate armour (worn)
 n - a +0 scale mail
Jewellery
 f - a ring of positive energy (left hand)
Potions
 d - 3 potions of might
 e - a potion of haste {unknown}
 h - a potion of flight
 k - 2 potions of curing
 m - a potion of attraction {unknown}


   Skills:
 + Level 6.7 Fighting
 + Level 1.5 Short Blades
 + Level 1.5 Long Blades
 + Level 4.8 Axes
 + Level 1.5 Maces & Flails
 + Level 1.5 Polearms
 + Level 1.5 Staves
 + Level 1.5 Slings
 + Level 1.5 Bows
 + Level 1.5 Crossbows
 + Level 1.5 Throwing
 + Level 6.7 Armour
 + Level 1.5 Dodging
 + Level 1.5 Stealth
 + Level 6.7 Shields
 + Level 1.5 Unarmed Combat
 + Level 1.5 Spellcasting
 + Level 1.2 Conjurations
 + Level 1.2 Hexes
 + Level 1.2 Summonings
 + Level 1.2 Necromancy
 + Level 1.2 Translocations
 + Level 1.2 Transmutations
 + Level 1.2 Fire Magic
 + Level 1.2 Ice Magic
 + Level 1.2 Air Magic
 + Level 1.2 Earth Magic
 + Level 1.2 Poison Magic
 + Level 1.7 Invocations
 + Level 1.5 Evocations


You had 7 spell levels left.
You didn't know any spells.
Your spell library was empty.

Dungeon Overview and Level Annotations

Branches:
Dungeon (4/15)
 Temple: D:4-7

Altars:
Ashenzari
Dithmenos
Gozag
Makhleb
Qazlal
Trog


Innate Abilities, Weirdness & Mutations

You have very sharp teeth.
Your uncanny sense of smell can sniff out nearby items.
Your experience applies equally to all skills.


Message History

The stone hits the ogre but does no damage.
The ogre is lightly wounded.
Throw: 28 stones
Press: ? - help, Q - select action Shift-Dir - straight line, f/p - ogre
Aim: an ogre, wielding a +0 giant spiked club (lightly wounded, 74% to hit)
You throw a stone.
The stone hits the ogre but does no damage.
The ogre is lightly wounded.
A jackal skeleton comes into view.
You barely miss the ogre.
The ogre is lightly wounded.
The ogre hits you with a +0 giant spiked club.
You closely miss the ogre.
The ogre is lightly wounded.
The ogre hits you with a +0 giant spiked club.
You slash the ogre! You freeze the ogre.
The ogre is heavily wounded.
The ogre hits you with a +0 giant spiked club!
* * * LOW HITPOINT WARNING * * *
Unknown command.
You hit the ogre. You freeze the ogre.
The ogre is severely wounded.
Unknown command.
You hit the ogre. You freeze the ogre.
The ogre is severely wounded.
The ogre hits you with a +0 giant spiked club!
* * * LOW HITPOINT WARNING * * *
The jackal skeleton bites you but does no damage.
Unknown command.
You hit the ogre. You freeze the ogre.
The ogre is almost dead.
You hit the jackal skeleton. The ogre barely misses you.
The jackal skeleton barely misses you.
Unknown command.
You completely miss the ogre.
The ogre is almost dead.
You slash the jackal skeleton!
You destroy the jackal skeleton!
The ogre hits you with a +0 giant spiked club!
You die...

#..###..# #..#
#.......# #..#
#.###...###..#
#............#
#####.##....###
#...+......#
#..##....#.....
#..#####.# ##..
#......@)#
#.###.O.........
#(..........
.(...........
.(###8...._....
!( ....8...8.. .
##..⌠≈≈≈≈≈⌠.
..8≈#####≈8


You could see an ogre.

Vanquished Creatures
  A jelly (D:3)
  2 adders
  A worm (D:2)
  12 dart slugs
  4 orcs (D:4)
  6 bats
  3 endoplasms
  7 giant cockroaches
  8 goblins
  9 hobgoblins
  3 jackals (D:2)
  7 kobolds
  4 quokkas
  5 ball pythons
  2 frilled lizards (D:1)
  A jackal skeleton (D:4)
  8 rats
83 creatures vanquished.

Vanquished Creatures (others)
  4 plants (D:1)
4 creatures vanquished.

Grand Total: 87 creatures vanquished

Notes
Turn   | Place    | Note
-------+----------+-------------------------------------------
     0 | D:1      | Renzlar the Gnoll Fighter began the quest for the Orb.
     0 | D:1      | Reached XP level 1. HP: 23/23 MP: 1/1
    96 | D:1      | Reached XP level 2. HP: 29/29 MP: 2/2
   309 | D:1      | Reached XP level 3. HP: 35/35 MP: 3/3
   913 | D:2      | Reached skill level 1 in Invocations
  1166 | D:2      | Reached skill level 1 in Short Blades
  1166 | D:2      | Reached skill level 1 in Long Blades
  1166 | D:2      | Reached skill level 1 in Maces & Flails
  1166 | D:2      | Reached skill level 1 in Polearms
  1166 | D:2      | Reached skill level 1 in Staves
  1166 | D:2      | Reached skill level 1 in Slings
  1166 | D:2      | Reached skill level 1 in Bows
  1166 | D:2      | Reached skill level 1 in Crossbows
  1166 | D:2      | Reached skill level 1 in Throwing
  1166 | D:2      | Reached skill level 1 in Dodging
  1166 | D:2      | Reached skill level 1 in Stealth
  1166 | D:2      | Reached skill level 1 in Unarmed Combat
  1166 | D:2      | Reached skill level 1 in Spellcasting
  1166 | D:2      | Reached skill level 1 in Evocations
  1446 | D:2      | Reached XP level 4. HP: 41/41 MP: 5/5
  2112 | D:3      | Reached skill level 1 in Conjurations
  2112 | D:3      | Reached skill level 1 in Hexes
  2112 | D:3      | Reached skill level 1 in Summonings
  2112 | D:3      | Reached skill level 1 in Necromancy
  2112 | D:3      | Reached skill level 1 in Translocations
  2112 | D:3      | Reached skill level 1 in Transmutations
  2112 | D:3      | Reached skill level 1 in Fire Magic
  2112 | D:3      | Reached skill level 1 in Ice Magic
  2112 | D:3      | Reached skill level 1 in Air Magic
  2112 | D:3      | Reached skill level 1 in Earth Magic
  2112 | D:3      | Reached skill level 1 in Poison Magic
  2209 | D:3      | Reached XP level 5. HP: 45/47 MP: 6/6
  2577 | D:3      | Found a shadowy altar of Dithmenos.
  2577 | D:3      | Found a broken altar of Ashenzari.
  2579 | D:3      | Found a stormy altar of Qazlal.
  2599 | D:3      | Found a bloodstained altar of Trog.
  2971 | D:3      | Found a burning altar of Makhleb.
  2986 | D:3      | Found a faded altar of an unknown god.
  3157 | D:4      | Found an opulent altar of Gozag.
  3193 | D:4      | Noticed an ogre
  3206 | D:4      | Mangled by an ogre

Illustrated notes

Levels and vault maps discovered:
D:1:      roderic_octagonal_star, layout_rooms, serial_bayou,
          serial_bayou_lake_a, serial_bayou_pond_e, serial_bayou_shore_b,
          serial_bayou_lagoon_b
D:2:      layout_loops_corners
D:3:      kennysheep_slugbush, layout_basic, overflow_temple_1_default,
          nicolae_overflow_quartered_altars, shapermc_ecumenical_altar_venn
D:4:      layout_basic, nicolae_gozag_conspicuous_consumption,
          supply_closet_lemuel

Skill      XL: |  1  2  3  4 |
---------------+-------------+-----
Invocations    | 1 |  1.7
Short Blades   | 1 |  1.5
Long Blades    | 1 |  1.5
Maces & Flails | 1 |  1.5
Polearms       | 1 |  1.5
Staves         | 1 |  1.5
Slings         | 1 |  1.5
Bows           | 1 |  1.5
Crossbows      | 1 |  1.5
Throwing       | 1 |  1.5
Dodging        | 1 |  1.5
Stealth        | 1 |  1.5
Unarmed Combat | 1 |  1.5
Spellcasting   | 1 |  1.5
Evocations     | 1 |  1.5
Conjurations   | 1 |  1.2
Hexes          | 1 |  1.2
Summonings     | 1 |  1.2
Necromancy     | 1 |  1.2
Translocations | 1 |  1.2
Transmutations | 1 |  1.2
Fire Magic     | 1 |  1.2
Ice Magic      | 1 |  1.2
Air Magic      | 1 |  1.2
Earth Magic    | 1 |  1.2
Poison Magic   | 1 |  1.2
Fighting       | |  6.7
Axes           | |  4.8
Armour         | |  6.7
Shields        | |  6.7

Action                   |  1- 3 |  4- 6 || total
-------------------------+-------+-------++-------
Melee: War axe           |    96 |   115 ||   211
       Bite              |     8 |    11 ||    19
       Hand axe          |       |     7 ||     7
Throw: Stone             |       |     5 ||     5
  Use: Scroll            |     3 |     2 ||     5
Armor: Scale mail        |    29 |    23 ||    52
       Crystal plate arm |       |    69 ||    69
Dodge: Dodged            |    37 |    33 ||    70
Block: Buckler           |    27 |    26 ||    53
